 Dungeon Crawl Stone Soup version 0.31.0-7-gf635a9b802 (webtiles) character file.

Game seed: 3020723529685023632

3463 BeingJoeMalik the Basher (level 9, -18/64 (71) HPs)
             Began as a Red Draconian Fighter on Jan 24, 2024.
             Was an Elder of Trog.
             Demolished by a large abomination (35 damage)
             ... on level 2 of the Abyss.
             The game lasted 00:19:08 (7340 turns).

BeingJoeMalik the Basher (Red Draconian Fighter)    Turns: 7340, Time: 00:19:09

HP:   -18/64 (71)   AC:  9    Str: 21    XL:     9   Next: 78%
MP:   9/9           EV: 12    Int:  8    God:    Trog [****..]
Gold: 133           SH:  6    Dex: 13    Spells: 8/8 levels left

rFire   + . .        p - +3 mace (drain)
rCold   . . .        b - +1 buckler
rNeg    . . .        (body armour unavailable)
rPois   .            (helmet restricted)
rElec   .            v - +0 cloak
rCorr   .            (no gloves)
SInv    .            u - +0 pair of boots
Will    +....        g - amulet of regeneration
Stlth   +            h - ring of willpower
HPRegen 1.10/turn    (no ring)
MPRegen 0.11/turn

%: no passive effects
@: about to teleport, short of breath, studying Stealth, drained
A: breathe fire, AC +7, unfitting armour, fire resistance 1, cold-blooded
a: Breathe Fire, Renounce Religion, Berserk, Trog's Hand, Brothers in Arms


You were on level 2 of the Abyss.
You worshipped Trog.
Trog was greatly pleased with you.
You visited 1 branch of the dungeon, and saw 9 of its levels.
You visited the Abyss 1 time.

You collected 249 gold pieces.
You spent 116 gold pieces at shops.

Inventory:

Hand Weapons
 a - a +0 flail
 p - a +3 mace of draining (weapon)
Missiles
 e - 4 throwing nets
 t - 2 silver javelins
Armour
 b - a +1 buckler (worn)
 n - a +0 kite shield
 u - a +0 pair of boots (worn)
 v - a +0 cloak (worn)
Jewellery
 g - an amulet of regeneration (around neck)
 h - a ring of willpower (left hand)
 r - the amulet "Wasojui" {RegenMP rC+ Str+4 Int+2}
   (You found it on level 4 of the Dungeon)

   [amulet of magic regeneration]

   RegenMP:   It increases your rate of magic regeneration.
   Str+4:     It affects your strength (+4).
   Int+2:     It affects your intelligence (+2).
   rC+:       It protects you from cold.
Wands
 d - a wand of paralysis (5)
 i - a wand of acid (5)
 k - a wand of flame (4)
 w - a wand of digging (1)
Scrolls
 f - 2 scrolls of identify
 j - 4 scrolls of teleportation
 l - a scroll of fog
Potions
 c - 5 potions of curing
 m - a potion of might
 o - a potion of brilliance
 q - a potion of invisibility


   Skills:
 + Level 3.9 Fighting
 + Level 13.6 Maces & Flails
 + Level 3.2 Dodging
 + Level 3.3 Shields


You had 8 spell levels left.
You didn't know any spells.
Your spell library was empty.

Dungeon Overview and Level Annotations

Branches:
Dungeon (9/15)             Temple (0/1) D:5            Lair (0/5) D:9
    Orc: D:9-12

Altars:
Kikubaaqudgha
Nemelex Xobeh
Okawaru
Qazlal
Ru
Trog
Wu Jian
Zin

Shops:
D:2 [   D:3 =   D:5 (

Annotations:
D:9 Erolcha


Innate Abilities, Weirdness & Mutations

You can breathe blasts of fire.
Your fiery red scales are hard. (AC +7)
You cannot fit into any form of body armour.
Your flesh is heat resistant. (rF+)
You are cold-blooded and may be slowed by cold attacks.


Message History

You miss the laughing skull.
The laughing skull is severely damaged.
The laughing skull is engulfed in blazing flames.
The laughing skull closely misses you.
Unknown command.
You miss the laughing skull.
You tail-slap the laughing skull, but do no damage.
The laughing skull is almost destroyed.
The laughing skull cackles spitefully.
The bolt of negative energy hits you!!
You feel drained.
* * * LOW HITPOINT WARNING * * *
Unknown command.
Okay, then.
Unknown command.
You feel much better.
The laughing skull is engulfed in blazing flames.
The laughing skull cackles spitefully.
The bolt of negative energy hits you!
You feel drained.
* * * LOW HITPOINT WARNING * * *
The laughing skull is engulfed in blazing flames.
The laughing skull headbutts you but does no damage.
As you read the scroll of teleportation, it crumbles to dust.
You feel strangely unstable.
You feel the power of the Abyss delaying your translocation!
The laughing skull is engulfed in blazing flames.
You destroy the laughing skull!
Trog accepts your kill.
Unknown command.
Unknown command.
Unknown command.
Unknown command.
Unknown command.
Unknown command.
Unknown command.
Unknown command.
The large abomination is engulfed in blazing flames.
The large abomination attacks as it pursues you!
The large abomination hits you!!
Ouch! That really hurt!
You die...

.## #
##...#
#.z# #
## ##
##.####
#z4...
#○####.#
#X# #@#
#.# #∩#
#.# #.#
... ...
...


You could see a large abomination, an ice devil and a laughing skull.

Vanquished Creatures
  A yak (D:8)
  3 steam dragons (D:7)
  2 water moccasins
  A sky beast (D:8)
  An ice beast (D:7)
  An orc warrior (D:8)
  2 black bears (D:7)
  A laughing skull (Abyss:2)
  2 ogres
  A phantom (D:6)
  3 kobold brigands
  3 bullfrogs
  A gnoll sergeant (D:8)
  2 scorpions
  4 wights (D:7)
  2 howler monkeys (D:8)
  2 gnoll boudas
  3 hounds
  2 jellies (D:8)
  5 orc priests
  4 iguanas
  A sleepcap (D:5)
  10 orc wizards
  12 gnolls
  11 adders
  4 white imps
  3 ribbon worms
  2 dart slugs
  26 orcs
  2 bats
  8 endoplasms
  2 giant cockroaches
  9 goblins
  9 hobgoblins
  5 jackals (D:1)
  19 kobolds
  3 quokkas (D:3)
  4 ball pythons
  2 frilled lizards (D:3)
  3 rats
181 creatures vanquished.

Notes
Turn   | Place    | Note
-------+----------+-------------------------------------------
     0 | D:1      | BeingJoeMalik the Draconian Fighter began the quest for the
                  | Orb.
     0 | D:1      | Reached XP level 1. HP: 19/19 MP: 1/1
   230 | D:1      | Reached XP level 2. HP: 26/26 MP: 2/2
   313 | D:1      | Reached skill level 3 in Maces & Flails
   859 | D:2      | Reached XP level 3. HP: 29/31 MP: 3/3
  1004 | D:2      | Reached skill level 4 in Maces & Flails
  1226 | D:2      | Found Cipnoiq's Armour Emporium.
  1438 | D:2      | Found an ornate altar of the Wu Jian Council.
  1636 | D:3      | Reached XP level 4. HP: 38/38 MP: 4/4
  1878 | D:3      | Found a bloodstained altar of Trog.
  1914 | D:3      | Became a worshipper of Trog the Wrathful
  1960 | D:3      | Reached skill level 5 in Maces & Flails
  2046 | D:3      | Reached XP level 5. HP: 41/45 MP: 5/5
  2268 | D:3      | Found Gusiuly's Jewellery Emporium.
  2564 | D:4      | Reached skill level 6 in Maces & Flails
  2757 | D:4      | Reached * piety under Trog
  2932 | D:4      | Identified the amulet "Wasojui" {RegenMP rC+ Str+4 Int+2}
  3122 | D:4      | Reached XP level 6. HP: 39/51 MP: 6/6
  3474 | D:2      | Bought a +0 pair of boots for 58 gold pieces
  3474 | D:2      | Bought a +0 cloak for 58 gold pieces
  3570 | D:5      | Entered Level 5 of the Dungeon
  3738 | D:5      | Found Heenoi's Weapon Emporium.
  3747 | D:5      | Reached skill level 7 in Maces & Flails
  3881 | D:5      | Found a sparkling altar of Nemelex Xobeh.
  4004 | D:5      | Your scales start taking on a fiery red colour.
  4004 | D:5      | Reached XP level 7. HP: 57/57 MP: 7/7
  4004 | D:5      | Gained mutation: Your flesh is heat resistant. (rF+) [Red
                  | Draconian growth]
  4066 | D:5      | Found an iron altar of Okawaru.
  4111 | D:5      | Reached skill level 8 in Maces & Flails
  4162 | D:5      | Reached ** piety under Trog
  4226 | D:5      | Found a staircase to the Ecumenical Temple.
  4427 | D:6      | Reached skill level 9 in Maces & Flails
  4579 | D:6      | Reached XP level 8. HP: 58/63 MP: 8/8
  4878 | D:6      | Found a sacrificial altar of Ru.
  4935 | D:6      | Reached skill level 10 in Maces & Flails
  5429 | D:7      | Reached skill level 11 in Maces & Flails
  5625 | D:7      | Reached *** piety under Trog
  5872 | D:7      | Reached XP level 9. HP: 52/68 MP: 9/9
  5876 | D:7      | Reached skill level 12 in Maces & Flails
  6047 | D:7      | Found a stormy altar of Qazlal.
  6047 | D:7      | Found an ancient bone altar of Kikubaaqudgha.
  6551 | D:8      | Identified the +8 great sword of True Grit {protect, rElec
                  | rPois}
  6673 | D:8      | Found a glowing silver altar of Zin.
  6676 | D:8      | Reached skill level 13 in Maces & Flails
  7067 | D:8      | Reached **** piety under Trog
  7270 | D:9      | Noticed Erolcha
  7270 | D:9      | Found a staircase to the Lair.
  7273 | Abyss:2  | Cast into level 2 of the Abyss (Erolcha)
  7326 | Abyss:2  | Noticed a large abomination
  7335 | Abyss:2  | Noticed an ice devil
  7337 | Abyss:2  | HP: 1/63 [laughing skull/bolt of negative energy (24)]
  7340 | Abyss:2  | Demolished by a large abomination

Illustrated notes

Levels and vault maps discovered:
D:1:      sevenhm_arrival_forest_fort_large_2, layout_loops_ring
D:2:      layout_loops_ring, basic_altar, serial_shops, shop,
          minmay_pentomino_s2
D:3:      layout_basic, trog_butcher_becter, serial_shops, shop,
          chequers_serial_rivers_marsh
D:4:      layout_basic
D:5:      layout_gridville, kennysheep_okawaru_gauntlet, amcnicky_altar_gilded,
          minmay_temple_entry_slanted, serial_shops, shop,
          hangedman_decor_slide_cut, kennysheep_nub
D:6:      layout_loops_ring, kennysheep_mini, serial_glass, glass_columns_b,
          glass_columns_b, glass_columns_b, glass_columns_a, glass_columns_c,
          glass_columns_c, glass_columns_a, glass_columns_c,
          minmay_misc_feat_doors
D:7:      layout_basic, gammafunk_temple_overflow_elements
D:8:      minmay_octagon_keep, layout_gridville, overflow_temple_1_default
D:9:      layout_layer_cave, mainiacjoe_overflow_alcove_1, elyvilon_altar_4,
          lair_entry_dummy, zombieorc2_lemuel, uniq_erolcha, uniq_grum,
          uniq_gastronok
Abyss:2:  base: D:2, hangedman_abyss_or_decor_lesser_grid

Skill      XL: |  1  2  3  4  5  6  7  8  9 |
---------------+----------------------------+-----
Maces & Flails | 3 4 5 6 7 9 11 13 | 13.6
Dodging        | 3 |  3.2
Fighting       | |  3.9
Shields        | |  3.3

Action                     |  1- 3 |  4- 6 |  7- 9 || total
---------------------------+-------+-------+-------++-------
  Melee: Flail             |   106 |   106 |       ||   212
         Tailslap          |     9 |    21 |    24 ||    54
         Mace              |       |   102 |   246 ||   348
  Throw: Javelin           |       |       |     1 ||     1
Ability: Breathe Fire      |       |       |    20 ||    20
  Evoke: Wand              |       |       |     1 ||     1
    Use: Potion            |       |     2 |     1 ||     3
         Scroll            |       |    13 |     5 ||    18
   Stab: Sleeping          |       |     2 |     1 ||     3
 Armour: Skin              |    59 |   105 |   135 ||   299
  Dodge: Dodged            |    50 |   106 |   113 ||   269
  Block: Buckler           |    14 |    33 |    40 ||    87
